 Seeded DCSS version 0.29.1-4-g47bece8355 (webtiles) character file.

Game seed: 15482173601955151116 (custom seed)

1297 kingsuperguy the Covered (level 8, -5/62 (73) HPs)
             Began as a Minotaur Fighter on Dec 7, 2022.
             Was an Initiate of Okawaru.
             Slain by a wight
             ... wielding a +3 scimitar
              (10 damage)
             ... on level 6 of the Dungeon.
             The game lasted 00:05:18 (5739 turns).

kingsuperguy the Covered (Minotaur Fighter)         Turns: 5739, Time: 00:05:19

HP:   -5/62 (73)    AC:  7    Str: 22    XL:     8   Next: 31%
MP:   7/7           EV:  9    Int:  5    God:    Okawaru [......]
Gold: 158           SH:  5    Dex:  9    Spells: 7/7 levels left

rFire   . . .      SeeInvis +   i - +8 hand axe of the Crawling Thing {elec, rElec rC- Str-2 SInv}
rCold   x . .      Faith    .   c - +0 buckler
rNeg    . . .      Spirit   .   b - +0 scale mail
rPois   .          Reflect  .   (helmet restricted)
rElec   +          Harm     .   (no cloak)
rCorr   .          Rampage  .   (no gloves)
Will    .....                   (no boots)
Stlth   ..........              (no amulet)
HPRegen 0.20/turn               (no ring)
MPRegen 0.10/turn               (no ring)

@: heavily drained
A: horns 2, retaliatory headbutt
a: Renounce Religion


You were on level 6 of the Dungeon.
You worshipped Okawaru.
Okawaru was noncommittal.
You visited 2 branches of the dungeon, and saw 7 of its levels.

You collected 158 gold pieces.

Inventory:

Hand Weapons
 a - a +0 war axe
 i - the +8 hand axe of the Crawling Thing (weapon) {elec, rElec rC- Str-2 SInv}
   (You took it off an orc wizard on level 4 of the Dungeon)

   It occasionally discharges a powerful burst of electricity upon striking a
   foe.
   Str:       It affects your strength (-2).
   rC:        It makes you vulnerable to cold.
   rElec:     It insulates you from electricity.
   SInv:      It lets you see invisible.
 A - a +2 vorpal war axe
Missiles
 y - a throwing net (quivered)
Armour
 b - a +0 scale mail (worn)
 c - a +0 buckler (worn)
Jewellery
 e - a +6 ring of intelligence
 l - a +6 ring of intelligence
 m - an amulet of the acrobat
 q - a ring of fire
 u - a +4 ring of evasion
Wands
 k - a wand of charming (11)
Scrolls
 f - 3 scrolls of identify {unknown}
 h - 2 scrolls of enchant weapon {unknown}
 n - a scroll of summoning {unknown}
 o - 2 scrolls of noise {unknown}
 p - a scroll of teleportation {unknown}
 r - a scroll of magic mapping {unknown}
 s - 2 scrolls of butterflies {unknown}
 t - a scroll of fear {unknown}
Potions
 d - a potion of might
 g - a potion of resistance {unknown}
 j - a potion of brilliance {unknown}
 v - 2 potions of magic
 w - 2 potions of curing
 z - a potion of invisibility {unknown}


   Skills:
 + Level 7.0 Fighting
 + Level 6.4 Axes
 + Level 7.1 Armour
 + Level 7.0 Shields


You had 7 spell levels left.
You didn't know any spells.
Your spell library contained the following spells:

 Spells                   Type           Power      Damage    Failure   Level
 Ozocubu's Armour         Ice            0%         N/A       99%         3
 Stone Arrow              Conj/Erth      0%         3d7       99%         3
 Ozocubu's Refrigeration  Ice            0%         4d7       100%        7
 Lehudib's Crystal Spear  Conj/Erth      0%         10d2      100%        8
 Animate Armour           Summ/Erth      Unusable   N/A       N/A         4

Dungeon Overview and Level Annotations

Branches:
Dungeon (6/15)             Temple (1/1) D:5

Altars:
Dithmenos
Elyvilon
Gozag
Kikubaaqudgha
Makhleb
Okawaru
Ru
Sif Muna
Trog
Uskayaw
Vehumet
Wu Jian
Xom
Yredelemnul
Zin
The Shining One


Innate Abilities, Weirdness & Mutations

You have a pair of horns on your head.
You reflexively headbutt those who attack you in melee.


Message History

A wight comes into view. It is wielding a +3 scimitar.
Found a scroll labelled BIFUPASKEGIT.
You see here a murky amethyst potion.
A wight is nearby!
A wight comes into view. It is wielding a +2 halberd.
Found 17 gold pieces.
A wight comes into view. It is wielding a +0 dire flail.
The wight hits you with a +3 scimitar.
You feel drained.
You barely miss the wight. Your headbutt misses the wight.
The wight closely misses you. The wight hits you with a +3 scimitar.
You closely miss the wight.
You headbutt the wight, but do no damage.
The wight hits you from afar with a +2 halberd!
The wight hits you with a +3 scimitar!
You feel drained.
You hit the wight but do no damage. Your headbutt misses the wight.
You block the wight's attack. x2
You slash the wight!
The wight is severely damaged.
You block the wight's attack. The wight hits you with a +3 scimitar.
The wight hits you from afar with a +2 halberd!
You feel drained.
You are too injured to fight recklessly!
A necrophage comes into view.
The wight hits you with a +2 halberd.
You feel drained. The wight closely misses you.
You slash the wight! Your headbutt misses the wight.
The wight is severely damaged.
You completely miss the wight. You barely miss the wight.
The wight hits you with a +3 scimitar!
* * * LOW HITPOINT WARNING * * *
You feel drained.
* * * LOW HITPOINT WARNING * * *
The wight hits you with a +0 dire flail.
* * * LOW HITPOINT WARNING * * *
The wight hits you with a +2 halberd.
* * * LOW HITPOINT WARNING * * *
You feel much better. The wight hits you with a +2 halberd!
* * * LOW HITPOINT WARNING * * *
The wight hits you with a +3 scimitar!
You die...

#..#...##.......#
#....# #<....####
#.?#.###.....#
#....##.....##
####....#....###
.##........!...#
............##.#
......zz...##..#
...n..z@......##
##....##.......$.
#.... ..........
#... ...........
... ............
#. ..#.......###
. ..........##..
.....#8


You could see a necrophage and 3 wights.

Vanquished Creatures
  A water moccasin (D:5)
  An ice beast (D:4)
  2 scorpions (D:5)
  A necrophage (D:4)
  4 wights (D:6)
  A jelly (D:4)
  A gnoll bouda (D:5)
  3 hounds
  5 orc priests
  3 iguanas
  4 orc wizards (D:4)
  7 gnolls (D:5)
  8 adders
  A worm (D:2)
  2 dart slugs
  15 orcs
  6 bats
  4 giant cockroaches
  5 hobgoblins
  6 jackals
  2 quokkas
  7 ball pythons
  4 frilled lizards (D:1)
  10 goblins
  11 kobolds
  8 rats
122 creatures vanquished.

Notes
Turn   | Place    | Note
-------+----------+-------------------------------------------
     0 | D:1      | kingsuperguy the Minotaur Fighter began the quest for the
                  | Orb.
     0 | D:1      | Reached XP level 1. HP: 19/19 MP: 0/0
   178 | D:1      | Reached XP level 2. HP: 27/27 MP: 1/1
   850 | D:2      | Reached XP level 3. HP: 33/33 MP: 2/2
  1172 | D:2      | Found a faded altar of an unknown god.
  1731 | D:3      | Reached XP level 4. HP: 37/41 MP: 3/3
  2074 | D:3      | Reached XP level 5. HP: 19/47 MP: 4/4
  2621 | D:3      | Found a bloodstained altar of Trog.
  2814 | D:4      | Noticed an ice beast
  2826 | D:4      | Killed an ice beast
  2827 | D:4      | Reached skill level 5 in Fighting
  2827 | D:4      | Reached skill level 5 in Armour
  2827 | D:4      | Reached skill level 5 in Shields
  2827 | D:4      | Reached XP level 6. HP: 38/56 MP: 5/5
  2931 | D:4      | Found a glowing golden altar of the Shining One.
  3230 | D:4      | Identified the +8 hand axe of the Crawling Thing {elec,
                  | rElec rC- Str-2 SInv}
  3595 | D:4      | Found a basalt altar of Yredelemnul.
  3597 | D:4      | Found a burning altar of Makhleb.
  4109 | D:5      | Entered Level 5 of the Dungeon
  4129 | D:4      | Reached skill level 5 in Axes
  4129 | D:4      | Reached XP level 7. HP: 38/62 MP: 6/6
  4719 | D:5      | Found a staircase to the Ecumenical Temple.
  4768 | Temple   | Entered the Ecumenical Temple
  4850 | Temple   | Became a worshipper of Warmaster Okawaru
  4917 | D:5      | Reached XP level 8. HP: 50/71 MP: 7/7
  5738 | D:6      | HP: 1/62 [wight/+2 halberd (6)]
  5739 | D:6      | Slain by a wight

Illustrated notes

Levels and vault maps discovered:
D:1:      sevenhm_arrival_forest_fort_small_3, layout_basic
D:2:      layout_loops_cross, serial_forest, infiniplex_forest_end_3,
          infiniplex_forest_clump_small, infiniplex_forest_lined_2,
          infiniplex_forest_end_1, infiniplex_forest_lined_corner,
          nicolae_ecumenical_pavilion
D:3:      layout_basic, trog_book, hangedman_glass_teeth
D:4:      layout_basic, kennysheep_mini, minitemple
D:5:      layout_loops_cross, minmay_temple_entry_antechambers
D:6:      layout_rooms, mainiacjoe_overflow_six_doors_small,
          mainiacjoe_overflow_alcove_4, gammafunk_ghost_arena,
          lightli_corner_chamber
Temple:   minmay_temple_bridge_abc

Skill      XL: |  1  2  3  4  5  6  7  8 |
---------------+-------------------------+-----
Armour         | 4 5 6 7 |  7.1
Shields        | 4 5 6 7 |  7.0
Axes           | 3 4 5 6 |  6.4
Fighting       | 4 5 6 7 |  7.0

Action                   |  1- 3 |  4- 6 |  7- 9 || total
-------------------------+-------+-------+-------++-------
Melee: War axe           |    95 |   104 |       ||   199
       Headbutt          |     9 |    19 |     9 ||    37
       Hand axe          |       |    23 |    65 ||    88
  Use: Potion            |       |     9 |     1 ||    10
Armor: Scale mail        |    48 |    77 |    10 ||   135
Dodge: Dodged            |    49 |    67 |    30 ||   146
Block: Buckler           |    26 |    30 |     9 ||    65
